General information
- name: BNet
- type: Ladder team game (AT/RT)
- host: Battle.net
- saver: KOTICK_FORSAKEN
map: Cherryville
- players: 8
- length: 16:22
- speed: Fast
- version: 1.26 W3XP
- replay type: Public
» download(108 KB)
Players
team 1 (loser)
The-Bible (
yellow | 37 APM | 600 actions | 16:22)
4 Lich
2 Frost Nova
2 Frost Armor
» actions
| Basic commands | 6 | |
| Build / train | 43 | |
| Enter build submenu | 20 | |
| Enter hero's abilities submenu | 4 | |
| Give item / drop item | 6 | |
| Right click | 295 | |
| Select / deselect | 192 | |
| Use ability | 34 | |
600 total
» units
» upgrades
| Unholy Strength | 3 | |
| Unholy Armor | 2 | |
| Ghoul Frenzy | 1 | |
| Creature Attack | 1 | |
| Creature Carapace | 1 | |
8 total
» buildings
| Altar of Darkness | 1 | |
| Ziggurat | 9 | |
| Crypt | 4 | |
| Graveyard | 1 | |
| Necropolis | 2 | |
| Halls of the Dead | 1 | |
| Tomb of Relics | 1 | |
| Black Citadel | 1 | |
| Spirit Tower | 1 | |
21 total
» build order
00:19 Altar of Darkness
00:22 Ziggurat
00:47 Crypt
01:13 Crypt
01:29 Ziggurat
02:14 Ziggurat
04:05 Graveyard
04:37 Necropolis
04:41 Necropolis
05:34 Halls of the Dead
05:53 Tomb of Relics
07:23 Ziggurat
07:24 Ziggurat
07:26 Ziggurat
07:28 Ziggurat
07:30 Ziggurat
07:32 Ziggurat
07:55 Black Citadel
09:09 Crypt
09:29 Crypt
09:35 Spirit Tower
» items
| Potion of Healing | 1 | |
| Potion of Mana | 2 | |
| Orb of Corruption | 1 | |
4 total
KatanaBLACK (
green | 62 APM | 1016 actions | 16:22)
4 Dark Ranger
2 Black Arrow
2 Silence
» actions
| Assign group hotkey | 277 | |
| Basic commands | 78 | |
| Build / train | 53 | |
| ESC pressed | 3 | |
| Enter build submenu | 20 | |
| Enter hero's abilities submenu | 4 | |
| Give item / drop item | 1 | |
| Right click | 229 | |
| Select / deselect | 196 | |
| Select group hotkey | 121 | |
| Use ability | 34 | |
1016 total
» units
| Wisp | 22 | |
| Archer | 4 | |
| Mountain Giant | 6 | |
| Dryad | 5 | |
37 total
» upgrades
| Strength of the Wild | 3 | |
| Reinforced Hides | 3 | |
| Ultravision | 1 | |
| Abolish Magic | 1 | |
| Well Spring | 1 | |
9 total
» buildings
| Moon Well | 7 | |
| Ancient of War | 1 | |
| Altar of Elders | 1 | |
| Ancient of Wonders | 1 | |
| Tree of Ages | 1 | |
| Hunter's Hall | 1 | |
| Ancient of Lore | 2 | |
| Tree of Life | 1 | |
| Ancient Protector | 5 | |
| Tree of Eternity | 1 | |
21 total
» build order
00:24 Moon Well
00:38 Ancient of War
01:01 Altar of Elders
01:32 Moon Well
02:07 Moon Well
03:14 Ancient of Wonders
03:15 Tree of Ages
03:41 Hunter's Hall
04:50 Moon Well
05:54 Ancient of Lore
06:03 Ancient of Lore
06:58 Tree of Life
07:01 Ancient Protector
11:08 Moon Well
11:22 Ancient Protector
11:23 Ancient Protector
11:41 Tree of Eternity
11:52 Ancient Protector
15:19 Moon Well
15:21 Moon Well

»
KOTICK_FORSAKEN (
teal | 51 APM | 832 actions | 16:22)
2 Death Knight
1 Death Coil
1 Unholy Aura
1 Dreadlord
1 Sleep
1 Crypt Lord
1 Impale
» actions
| Assign group hotkey | 22 | |
| Basic commands | 37 | |
| Build / train | 51 | |
| ESC pressed | 10 | |
| Enter build submenu | 11 | |
| Enter hero's abilities submenu | 4 | |
| Right click | 241 | |
| Select / deselect | 193 | |
| Select group hotkey | 202 | |
| Use ability | 61 | |
832 total
» units
» upgrades
| Creature Attack | 2 | |
| Unholy Strength | 3 | |
| Unholy Armor | 2 | |
| Ghoul Frenzy | 1 | |
8 total
» buildings
| Crypt | 2 | |
| Altar of Darkness | 1 | |
| Ziggurat | 4 | |
| Nerubian Tower | 1 | |
| Tomb of Relics | 1 | |
| Graveyard | 2 | |
| Halls of the Dead | 1 | |
| Spirit Tower | 1 | |
| Black Citadel | 1 | |
14 total
» build order
00:06 Crypt
00:11 Altar of Darkness
00:39 Ziggurat
01:06 Ziggurat
01:43 Nerubian Tower
02:10 Ziggurat
02:49 Tomb of Relics
03:08 Graveyard
03:31 Halls of the Dead
03:53 Graveyard
05:21 Spirit Tower
05:32 Crypt
08:11 Black Citadel
09:53 Ziggurat
» items
| Rod of Necromancy | 1 | |
| Dust of Appearance | 1 | |
| Potion of Healing | 4 | |
| Scroll of Town Portal | 2 | |
8 total
Silence. (
red | 30 APM | 493 actions | 16:22)
2 Paladin
1 Divine Shield
1 Holy Light
» actions
| Assign group hotkey | 14 | |
| Build / train | 40 | |
| ESC pressed | 2 | |
| Enter build submenu | 33 | |
| Enter hero's abilities submenu | 2 | |
| Remove unit from queue | 1 | |
| Right click | 150 | |
| Select / deselect | 151 | |
| Select group hotkey | 56 | |
| Use ability | 44 | |
493 total
» units
» upgrades
| Masonry | 3 | |
| Plating | 3 | |
| Gunpowder | 2 | |
| Lumber Harvesting | 2 | |
| Barrage | 1 | |
11 total
» buildings
| Lumber Mill | 2 | |
| Farm | 9 | |
| Scout Tower | 10 | |
| Guard Tower | 5 | |
| Keep | 1 | |
| Blacksmith | 1 | |
| Altar of Kings | 1 | |
| Castle | 1 | |
| Workshop | 5 | |
| Cannon Tower | 1 | |
| Town Hall | 1 | |
37 total
» build order
00:04 Lumber Mill
00:59 Farm
01:00 Farm
01:01 Farm
01:13 Scout Tower
01:15 Scout Tower
01:16 Scout Tower
01:41 Guard Tower
02:07 Guard Tower
02:15 Farm
02:17 Farm
02:21 Scout Tower
02:22 Scout Tower
02:40 Guard Tower
03:07 Keep
03:15 Guard Tower
03:29 Blacksmith
03:48 Altar of Kings
04:04 Guard Tower
04:24 Farm
04:27 Farm
05:26 Scout Tower
05:36 Scout Tower
05:41 Castle
05:53 Workshop
06:06 Workshop
06:22 Workshop
08:19 Lumber Mill
09:10 Guard Tower
09:15 Cannon Tower
09:47 Workshop
09:56 Workshop
10:30 Farm
10:32 Farm
10:59 Town Hall
12:58 Scout Tower
13:03 Scout Tower
13:08 Scout Tower
team 2 (winner)
trepa4 (
blue | 72 APM | 1175 actions | 16:22)
5 Blademaster
1 Wind Walk
3 Mirror Image
1 Critical Strike
» actions
| Assign group hotkey | 21 | |
| Build / train | 55 | |
| Enter build submenu | 15 | |
| Enter hero's abilities submenu | 5 | |
| Give item / drop item | 1 | |
| Remove unit from queue | 2 | |
| Right click | 363 | |
| Select / deselect | 94 | |
| Select group hotkey | 575 | |
| Use ability | 44 | |
1175 total
» units
| Peon | 14 | |
| Grunt | 3 | |
| Goblin Shredder | 1 | |
| Wind Rider | 12 | |
| Troll Witch Doctor | 3 | |
| Spirit Walker | 1 | |
34 total
» upgrades
| Spiked Barricades | 1 | |
| Armor | 2 | |
| Witch Doctor Training | 2 | |
| Envenomed Spears | 1 | |
| Ranged Weapons | 1 | |
7 total
» buildings
| Altar of Storms | 1 | |
| Orc Burrow | 6 | |
| Barracks | 1 | |
| War Mill | 1 | |
| Voodoo Lounge | 1 | |
| Stronghold | 1 | |
| Watch Tower | 1 | |
| Fortress | 1 | |
| Spirit Lodge | 1 | |
| Beastiary | 2 | |
16 total
» build order
00:25 Altar of Storms
00:31 Orc Burrow
01:02 Barracks
01:16 War Mill
01:57 Orc Burrow
02:25 Voodoo Lounge
03:36 Stronghold
04:40 Orc Burrow
04:48 Watch Tower
06:34 Fortress
06:38 Spirit Lodge
06:42 Beastiary
07:39 Beastiary
09:36 Orc Burrow
10:03 Orc Burrow
12:42 Orc Burrow
» items
| Healing Salve | 1 | |
| Lesser Clarity Potion | 1 | |
| Tiny Great Hall | 1 | |
| Potion of Lesser Invulnerability | 1 | |
4 total
LpEm9o (
pink | 43 APM | 707 actions | 16:22)
4 Death Knight
2 Death Coil
2 Unholy Aura
3 Lich
2 Frost Nova
1 Frost Armor
» actions
| Assign group hotkey | 15 | |
| Build / train | 55 | |
| Enter build submenu | 18 | |
| Enter hero's abilities submenu | 7 | |
| Give item / drop item | 1 | |
| Remove unit from queue | 2 | |
| Right click | 319 | |
| Select / deselect | 152 | |
| Select group hotkey | 103 | |
| Use ability | 35 | |
707 total
» units
| Acolyte | 9 | |
| Ghoul | 6 | |
| Crypt Fiend | 11 | |
| Obsidian Statue | 2 | |
| Frost Wyrm | 4 | |
32 total
» upgrades
| Cannibalize | 0 | |
| Creature Attack | 3 | |
| Creature Carapace | 3 | |
| Web | 1 | |
7 total
» buildings
| Ziggurat | 9 | |
| Altar of Darkness | 1 | |
| Crypt | 1 | |
| Graveyard | 1 | |
| Tomb of Relics | 1 | |
| Halls of the Dead | 1 | |
| Slaughterhouse | 1 | |
| Black Citadel | 1 | |
| Sacrificial Pit | 1 | |
| Spirit Tower | 2 | |
| Boneyard | 2 | |
21 total
» build order
00:06 Ziggurat
00:08 Altar of Darkness
00:24 Crypt
01:01 Graveyard
01:23 Ziggurat
01:56 Tomb of Relics
04:22 Halls of the Dead
05:49 Ziggurat
05:50 Ziggurat
06:53 Slaughterhouse
08:25 Black Citadel
08:42 Ziggurat
08:43 Ziggurat
08:46 Ziggurat
09:42 Sacrificial Pit
09:47 Spirit Tower
09:59 Ziggurat
10:02 Ziggurat
10:47 Boneyard
10:57 Boneyard
11:37 Spirit Tower
» items
Gordovic (
orange | 41 APM | 667 actions | 16:22)
2 Death Knight
1 Death Coil
1 Unholy Aura
3 Lich
2 Frost Nova
1 Dark Ritual
» actions
| Basic commands | 25 | |
| Build / train | 44 | |
| Enter build submenu | 18 | |
| Enter hero's abilities submenu | 5 | |
| Remove unit from queue | 2 | |
| Right click | 307 | |
| Select / deselect | 238 | |
| Use ability | 28 | |
667 total
» units
| Acolyte | 2 | |
| Ghoul | 7 | |
| Meatwagon | 3 | |
| Necromancer | 12 | |
24 total
» upgrades
| Unholy Strength | 2 | |
| Exhume Corpses | 1 | |
| Necromancer Training | 2 | |
| Skeletal Longevity | 1 | |
| Destroyer Form | 0 | |
| Skeletal Mastery | 1 | |
7 total
» buildings
| Altar of Darkness | 1 | |
| Ziggurat | 6 | |
| Crypt | 1 | |
| Nerubian Tower | 1 | |
| Tomb of Relics | 1 | |
| Halls of the Dead | 1 | |
| Graveyard | 2 | |
| Black Citadel | 1 | |
| Slaughterhouse | 1 | |
| Temple of the Damned | 2 | |
17 total
» build order
00:11 Altar of Darkness
00:16 Ziggurat
00:38 Crypt
01:33 Ziggurat
02:35 Nerubian Tower
02:59 Tomb of Relics
03:22 Halls of the Dead
03:42 Graveyard
03:54 Graveyard
06:02 Black Citadel
06:11 Slaughterhouse
06:20 Temple of the Damned
06:27 Temple of the Damned
08:08 Ziggurat
08:11 Ziggurat
09:45 Ziggurat
10:41 Ziggurat
» items

»
KODOS_FAIZANIEL (
purple | 58 APM | 951 actions | 16:22)
5 Mountain King
3 Storm Bolt
2 Bash
» actions
| Assign group hotkey | 124 | |
| Basic commands | 48 | |
| Build / train | 61 | |
| ESC pressed | 3 | |
| Enter build submenu | 28 | |
| Enter hero's abilities submenu | 5 | |
| Give item / drop item | 2 | |
| Right click | 278 | |
| Select / deselect | 117 | |
| Select group hotkey | 211 | |
| Use ability | 74 | |
951 total
» units
| Peasant | 13 | |
| Footman | 3 | |
| Goblin Shredder | 1 | |
| Siege Engine | 4 | |
21 total
» upgrades
| Gunpowder | 2 | |
| Plating | 1 | |
| Masonry | 2 | |
| Defend | 1 | |
| Lumber Harvesting | 1 | |
| Barrage | 1 | |
8 total
» buildings
| Altar of Kings | 1 | |
| Farm | 10 | |
| Scout Tower | 9 | |
| Barracks | 2 | |
| Arcane Tower | 2 | |
| Lumber Mill | 1 | |
| Arcane Vault | 1 | |
| Blacksmith | 1 | |
| Guard Tower | 7 | |
| Keep | 1 | |
| Workshop | 3 | |
| Castle | 1 | |
| Town Hall | 1 | |
40 total
» build order
00:23 Altar of Kings
00:39 Farm
00:51 Scout Tower
01:09 Barracks
01:44 Farm
02:01 Arcane Tower
02:12 Lumber Mill
02:20 Farm
02:42 Arcane Vault
02:54 Blacksmith
02:59 Scout Tower
03:39 Guard Tower
03:44 Barracks
04:25 Keep
05:29 Scout Tower
06:08 Guard Tower
06:21 Farm
06:59 Workshop
07:02 Workshop
07:48 Workshop
08:24 Castle
09:12 Scout Tower
09:13 Scout Tower
09:13 Scout Tower
09:46 Guard Tower
11:25 Farm
11:36 Town Hall
11:38 Scout Tower
11:40 Scout Tower
12:02 Guard Tower
12:03 Guard Tower
12:11 Arcane Tower
12:15 Farm
12:15 Farm
12:35 Guard Tower
14:43 Guard Tower
15:32 Farm
15:33 Farm
» items
| Scroll of Regeneration | 3 | |
| Lesser Clarity Potion | 3 | |
| Mechanical Critter | 1 | |
| Potion of Healing | 3 | |
| Potion of Mana | 2 | |
| Orb of Fire | 1 | |
| Staff of Teleportation | 1 | |
14 total
Chat log
(00:10 / All) KODOS_FAIZANIEL: such a dull map
(00:15 / All) KODOS_FAIZANIEL: dull dull dull
(00:20 / All) KOTICK_FORSAKEN: drink a few disaronnos on the rocks
(00:22 / All) KOTICK_FORSAKEN: and you'll learn to love it
(00:31 / All) KOTICK_FORSAKEN: Doubt I spelled that right
(00:32 / All) LpEm9o: im fucked up
(00:33 / All) KOTICK_FORSAKEN: but oyu get this idea
(00:43 / All) KODOS_FAIZANIEL: meh
(00:57 / All) KODOS_FAIZANIEL: but if I drink, I might stop being noob
(01:02 / All) KOTICK_FORSAKEN: lol
(01:04 / All) The-Bible: i just drank a mountaindew code red
(01:09 / All) KOTICK_FORSAKEN: i remember
(01:11 / All) KOTICK_FORSAKEN: This one time
(01:13 / All) KOTICK_FORSAKEN: a lot of months ago
(01:16 / All) LpEm9o: w hen i suck at this game i just say im drunk
(01:16 / All) KOTICK_FORSAKEN: I was drun ksearchin 4s
(01:25 / All) KOTICK_FORSAKEN: an dI found this guy whos accoun tname had IdrA in it
(01:29 / All) KOTICK_FORSAKEN: and I was like OH HI GHETTO
(01:34 / All) KOTICK_FORSAKEN: turns out it was actually him
(01:35 / All) KODOS_FAIZANIEL: LOL
(01:39 / All) KODOS_FAIZANIEL: pro
(01:41 / All) KOTICK_FORSAKEN: so i just randomly encountered ghetto on random team
(01:47 / All) KOTICK_FORSAKEN: I think this was before the forums went online though
(01:49 / All) KOTICK_FORSAKEN: was hilarous
(01:54 / Allies) KOTICK_FORSAKEN: we played a few agmes
(01:58 / All) KOTICK_FORSAKEN: we played a few games
(02:01 / All) KOTICK_FORSAKEN: at like 3am or whatever
(02:33 / All) The-Bible: nigger roo
(02:47 / All) KODOS_FAIZANIEL: reported for saying roo
(02:51 / All) KOTICK_FORSAKEN: I'd say
(02:55 / All) The-Bible: nigger rule
(02:58 / All) KOTICK_FORSAKEN: under the circumstances, I've played shockingly well
(03:04 / All) The-Bible: they say nigger roo
(03:15 / All) LpEm9o: tequlia
(03:17 / All) LpEm9o: fucks
(03:18 / All) LpEm9o: you
(03:20 / All) LpEm9o: up
(03:43 / All) KOTICK_FORSAKEN: lol blue
(03:48 / All) KOTICK_FORSAKEN: good harass blue
(03:58 / All) LpEm9o: ;aw;
(04:51 / All) KODOS_FAIZANIEL: reported for lagging
(04:55 / Allies) Silence.: i think i'm going tanks
(04:57 / Allies) Silence.: cool?
(05:00 / All) KOTICK_FORSAKEN: also banned from the forums for lagging
(05:04 / All) LpEm9o: lol
(05:35 / Allies) KOTICK_FORSAKEN: gonna just ghoul garg
(05:39 / Allies) KOTICK_FORSAKEN: all i know how to do right now
(06:14 / All) Silence.: hello?
(06:21 / All) KOTICK_FORSAKEN: hey
(06:23 / All) KODOS_FAIZANIEL: sup
(06:28 / Allies) Silence.: they just spied me
(06:33 / Allies) KOTICK_FORSAKEN: what a shame.
(06:44 / All) KOTICK_FORSAKEN: hey teelo
(06:47 / All) KOTICK_FORSAKEN: did you just scan red
(06:50 / All) KODOS_FAIZANIEL: yo
(06:51 / All) KODOS_FAIZANIEL: nope
(06:54 / All) KOTICK_FORSAKEN: he's scared shitless right now because someone scanned him
(06:59 / All) Silence.: lol
(07:01 / All) Silence.: wow
(07:16 / Allies) KOTICK_FORSAKEN: gold please if you can spare
(07:21 / Allies) Silence.: haha
(07:25 / All) KODOS_FAIZANIEL: the horror that someone would scout in a game based on strategy
(07:34 / All) KOTICK_FORSAKEN: yeah rofl
(07:34 / Allies) KOTICK_FORSAKEN: thansk
(07:39 / All) Silence.: wow
(07:51 / Allies) KOTICK_FORSAKEN: sory red i might be overexagerrating your reactors
(07:54 / Allies) KOTICK_FORSAKEN: to the scan
(08:01 / Allies) Silence.: ...
(08:29 / All) KOTICK_FORSAKEN: nice save pink
(08:42 / Allies) KOTICK_FORSAKEN: gold please if anyone can spare
(09:17 / All) LpEm9o: why the fuck am i lagging
(09:24 / All) KODOS_FAIZANIEL: i am too
(09:33 / All) KODOS_FAIZANIEL: i blame robert kotick
(10:07 / All) KOTICK_FORSAKEN: I could smash any of you
(10:09 / All) KOTICK_FORSAKEN: In lego racers
(10:56 / All) Silence.: noooooo
(11:00 / Allies) KOTICK_FORSAKEN: cani have that expo red
(11:05 / Allies) Silence.: shit
(11:08 / Allies) KOTICK_FORSAKEN: nevermind
(11:09 / Allies) KOTICK_FORSAKEN: yui
(11:10 / Allies) Silence.: yea..
(11:12 / Allies) Silence.: you want it?
(11:20 / Allies) KOTICK_FORSAKEN: you built first
(11:21 / Allies) KOTICK_FORSAKEN: it's yours
(11:25 / Allies) Silence.: sorry man you killed it
(11:31 / Allies) KOTICK_FORSAKEN: it's fine
(11:33 / Allies) KOTICK_FORSAKEN: i noticed too late
(11:35 / Allies) Silence.: ty
(11:46 / Allies) Silence.: tanks comin
(11:48 / All) KOTICK_FORSAKEN: which ghetto were on for some reason lol
(11:53 / Allies) KOTICK_FORSAKEN: goodie
(12:09 / Allies) KOTICK_FORSAKEN: it's go great against their fiends
(12:28 / Allies) KOTICK_FORSAKEN: gold pelase if you have
(12:51 / Allies) Silence.: there goes the expo
(12:56 / Allies) KOTICK_FORSAKEN: what a shaem.
(13:12 / Allies) KOTICK_FORSAKEN: i'll protect your main thoguh
(13:19 / All) The-Bible: bac teal
(13:27 / All) KOTICK_FORSAKEN: damn
(13:51 / All) KOTICK_FORSAKEN: crap
(13:53 / All) KOTICK_FORSAKEN: They made units
(13:54 / All) KOTICK_FORSAKEN: shit
(14:01 / All) KOTICK_FORSAKEN: and my team made
(14:02 / All) KOTICK_FORSAKEN: Uh
(14:02 / All) KOTICK_FORSAKEN: Tanks
(14:06 / All) KODOS_FAIZANIEL: haha
(14:10 / All) KOTICK_FORSAKEN: yellow has
(14:13 / All) KOTICK_FORSAKEN: 100 ghouls
(14:14 / Allies) Silence.: lol
(14:15 / All) KOTICK_FORSAKEN: he's not gonna help though
(14:18 / All) KOTICK_FORSAKEN: he's using all of them
(14:21 / All) KOTICK_FORSAKEN: to walk arounf
(14:26 / All) LpEm9o: LOL
(14:31 / All) KOTICK_FORSAKEN: nevermind
(14:33 / All) KOTICK_FORSAKEN: he's comin
(14:43 / All) KOTICK_FORSAKEN: bit late thoguh
(14:48 / All) KOTICK_FORSAKEN: what a shame.
(14:53 / All) KOTICK_FORSAKEN: yeah you won
(14:59 / All) KOTICK_FORSAKEN: ghouls suck vs wyrm
(15:21 / All) The-Bible: no baraage
(15:46 / All) KOTICK_FORSAKEN: he has arrage
(15:52 / All) KOTICK_FORSAKEN: game
(15:58 / All) KOTICK_FORSAKEN: i coudl maybe play one more
(15:59 / All) LpEm9o: TANKS EVERYWHERE!
(16:02 / All) The-Bible: teal get some units
(16:18 / Allies) KOTICK_FORSAKEN: games over bruh
(16:19 / Allies) KOTICK_FORSAKEN: no point
(16:21 / All) KODOS_FAIZANIEL: and im just stunny mc stunsalot